 Dungeon Sprint DCSS version 0.19-a0-650-gab89c2a (webtiles) character file.

119270 Groucho the Slingshot (level 17, 0/127 HPs)
             Began as a Halfling Air Elementalist on June 14, 2016.
             Was the Champion of Qazlal.
             Slain by a spriggan berserker
             ... wielding a +0 war axe
              (15 damage)
             ... in the Dungeon (Sprint V: "Ziggurat Sprint") on June 15, 2016.
             The game lasted 00:34:41 (3947 turns).

Groucho the Slingshot (Halfling Air Elementalist)   Turns: 3947, Time: 00:34:44

Health: 0/127      AC: 43    Str: 22    XL:     17   Next: 34%
Magic:  18/32      EV: 13    Int: 14    God:    Qazlal [******]
Gold:   0          SH: 43    Dex: 17    Spells: 2 memorised, 28 levels left

rFire  + + .     SeeInvis +     O - +6 shillelagh "Devastator" {shatter}
rCold  + + .     Gourm    .     L - +15 Maxwell's patent armour {-Cast -Tele rElec MR+ rCorr}
rNeg   + . .     Faith    .     M - +18 shield of the Gong {rElec rN+ MR+ EV-5}
rPois  +         Spirit   .     (no helmet)
rElec  +         Dismiss  .     k - +0 cloak of Byocziac {rPois rF+ rC+}
rCorr  +         Reflect  .     Z - +1 pair of gloves {Str+3}
SustAt .         Harm     .     D - +0 pair of boots {Stlth+}
MR     +++..     NoTele   +     y - amulet of Gapixyny {rC+ Regen+}
Stlth  .......... NoCast   +    V - ring "Xuqyux" {rF+ SInv}
                                E - +6 ring of strength

@: lethally poisoned (0 -> -1), protected from physical damage, repel missiles,
extremely resistant to hostile enchantments, extremely unstealthy
A: mutation resistance 1
a: Upheaval, Elemental Force, Disaster Area, Renounce Religion


You were in the Dungeon.
You worshipped Qazlal.
Qazlal was exalted by your worship.
You were not hungry.

You visited 1 branch

Inventory:

Hand Weapons
 K - the cursed +14 obsidian axe {chop, +Fly Str+3 SInv *Curse}
   (You found it in the Dungeon)

   It inflicts extra damage upon your enemies.
   It affects your strength (+3).
   It lets you see invisible.
   It lets you fly.
   It may re-curse itself when equipped.
   It has a curse placed upon it.
 N - the +8 lance "Wyrmbane" {slay drac, +Rage rPois rF+ AC+5}
   (You found it in the Dungeon)

   It affects your AC (+5).
   It protects you from fire.
   It protects you from poison.
   It lets you go berserk.
 O - the +6 shillelagh "Devastator" (weapon) {shatter}
   (You found it in the Dungeon)
 P - a +9 greatsling of freezing
 X - the +9 rapier of Biappoy {freeze, +Inv rF+}
   (You found it in the Dungeon)

   It has been specially enchanted to freeze those struck by it, causing extra
   injury to most foes and up to half again as much damage against particularly
   susceptible opponents.
   It can also slow down cold-blooded creatures.
   It protects you from fire.
   It lets you turn invisible.
Missiles
 Q - 990 sling bullets
Armour
 j - a +5 gold dragon armour
 k - the +0 cloak of Byocziac (worn) {rPois rF+ rC+}
   (You acquired it in the Dungeon)

   It protects you from fire.
   It protects you from cold.
   It protects you from poison.
 D - a +0 pair of boots of stealth (worn)
 F - a +5 shadow dragon armour
 L - the +15 Maxwell's patent armour (worn) {-Cast -Tele rElec MR+ rCorr}
   (You found it in the Dungeon)

   It insulates you from electricity.
   It affects your resistance to hostile enchantments.
   It prevents spellcasting.
   It prevents most forms of teleportation.
   It protects you from acid and corrosion.
 M - the +18 shield of the Gong (worn) {rElec rN+ MR+ EV-5}
   (You found it in the Dungeon)

   It affects your evasion (-5).
   It insulates you from electricity.
   It protects you from negative energy.
   It affects your resistance to hostile enchantments.
 Z - a +1 pair of gloves of strength (worn)
Jewellery
 y - the amulet of Gapixyny (around neck) {rC+ Regen+}
   (You found it in the Dungeon)

   [amulet of regeneration]

   It protects you from cold.
   It increases your rate of regeneration.
 B - the ring "Waonal" {Wiz rC+ MR+ Str+3}
   (You found it in the Dungeon)

   [ring of wizardry]

   It improves your spell success rate.
   It affects your strength (+3).
   It protects you from cold.
   It affects your resistance to hostile enchantments.
 C - the ring of Bahufef {Wiz rF+ rN+ Str+3 Dex+2}
   (You found it in the Dungeon)

   [ring of wizardry]

   It improves your spell success rate.
   It affects your strength (+3).
   It affects your dexterity (+2).
   It protects you from fire.
   It protects you from negative energy.
 E - a +6 ring of strength (left hand)
 V - the ring "Xuqyux" (right hand) {rF+ SInv}
   (You found it in the Dungeon)

   [ring of see invisible]

   It protects you from fire.
   It lets you see invisible.
 Y - an uncursed ring of positive energy
Wands
 a - a wand of hasting (5/9)
 G - a wand of disintegration (7/24)
 H - a wand of iceblast (5/15)
 I - a wand of lightning (5/15)
 J - a wand of acid (4/15)
Scrolls
 i - 4 scrolls of blinking
 r - 4 scrolls of amnesia
 s - 3 scrolls of recharging
 t - 7 scrolls of fog
 u - a scroll of holy word
 v - 5 scrolls of identify
 w - 5 scrolls of remove curse
 x - 2 scrolls of fear
Potions
 d - 9 potions of curing
 e - 3 potions of heal wounds
 f - 6 potions of haste
 g - 6 potions of magic
 h - 3 potions of berserk rage
 l - 2 potions of brilliance
 m - 2 potions of invisibility
 n - 4 potions of resistance
 o - a potion of experience
 p - 5 potions of agility
 q - 5 potions of might
Books
 b - a book of Air

   Spells                             Type                      Level
   a - Shock                          Conjuration/Air              1
   b - Swiftness                      Charms/Air                   2
   c - Repel Missiles                 Charms/Air                   2
   d - Static Discharge               Conjuration/Air              3
   e - Lightning Bolt                 Conjuration/Air              5
 W - a book of the Tempests

   Spells                             Type                      Level
   a - Static Discharge               Conjuration/Air              3
   b - Lightning Bolt                 Conjuration/Air              5
   c - Fireball                       Conjuration/Fire             5
   d - Tornado                        Air                          9
   e - Shatter                        Earth                        9
Miscellaneous
 R - a disc of storms
 S - 6 phantom mirrors
 T - a fan of gales
Comestibles
 c - 4 bread rations
 z - 42 fruits
 A - 4 meat rations
 U - 3 royal jellies


   Skills:
 * Level 15.2 Fighting
 * Level 14.1 Maces & Flails
 + Level 22.2 Slings
 * Level 19.3 Armour
 + Level 13.4 Dodging
 - Level 2.1 Stealth
 * Level 19.3 Shields
 * Level 11.1 Spellcasting
 - Level 0.7 Conjurations
 * Level 19.3 Air Magic
 * Level 19.0 Invocations
 + Level 12.0 Evocations


You had 28 spell levels left.
You knew the following spells:

 Your Spells              Type           Power        Failure   Level  Hunger
a - Shock                 Conj/Air       ####         1%          1    None
b - Tornado               Air            ######....   100%        9    #######


Dungeon Overview and Level Annotations

Branches:
Dungeon (1/1)

Altars:
Ashenzari
Cheibriados
Dithmenos
Elyvilon
Fedhas
Gozag
Hepliaklqana
Kikubaaqudgha
Makhleb
Nemelex Xobeh
Okawaru
Pakellas
Qazlal
Ru
Sif Muna
Trog
Uskayaw
Vehumet
Xom
Yredelemnul
Zin
The Shining One
Beogh
Jiyva
Lugonu


Innate Abilities, Weirdness & Mutations

You are small and have problems with some larger weapons.
You are somewhat resistant to further mutation.


Message History

You completely miss the dire elephant.
The dire elephant is moderately wounded.
You feel sick. You block the death yak's attack.
GONNNNG!
The polar bear is engulfed in freezing vapours.
Unknown command.
Unknown command.
You sock the dire elephant!
There is a shattering impact!
The dire elephant is heavily wounded.
The spriggan berserker is severely wounded.
You kill the wolf!
Qazlal accepts your kill.
You kill the death yak!
The death yak's corpse disappears in a puff of smoke!
The dire elephant is heavily wounded.
The spriggan air mage waves its arms in wide circles.
The air twists around and strikes you!
* * * LOW HITPOINT WARNING * * *
The spriggan berserker hits you with a war axe!
You die...

.}|[}))|)".:.).
▓...."
▓.....)..[.≈.....
▓.....
▓.......))[))....
▓.....
▓.....)))).).....
▓..†..
▓.....[)..††|....
▓.....
▓........§)).....
▓.....
▓.....§.hi)|.....
▓.....
▓......)§§..†....
▓...▓.
...▓§@Y....▓...
▓..▓▓▓
..▓.▓§i§..▓.▓..
▓...▓.
...▓.§§....▓...
▓.....
................
▓.....
▓.........≈......
▓▓▓▓▓▓
▓..........≈.....
▓▓▓▓▓▓▓▓▓▓▓▓▓▓▓▓▓


You could see a dire elephant, a spriggan berserker, a spriggan air mage and a
polar bear (berserk).

Vanquished Creatures
  3 golden dragons (D)
  A bone dragon (D)
  2 liches (D)
  3 quicksilver dragons (D)
  A tentacled starspawn (D)
  3 acid blobs (D)
  4 shadow dragons (D)
  An azure jelly (D)
  A thorn hunter (D)
  A draconian scorcher (D)
  A draconian zealot (D)
  An orc warlord (D)
  2 draconian callers (D)
  5 spriggan defenders (D)
  A stone giant (D)
  4 mottled draconians (D)
  3 black draconians (D)
  A white draconian (D)
  2 dire elephants (D)
  2 death oozes (D)
  5 great orbs of eyes (D)
  2 hydras (D)
  3 ice dragons (D)
  4 naga warriors (D)
  4 anacondas (D)
  6 spriggan air magi (D)
  2 dancing weapons (D)
  A satyr (D)
  3 hell hogs (D)
  An orc high priest (D)
  2 soul eaters (D)
  10 spriggan berserkers (D)
  2 deep elf knights (D)
  A spriggan (D)
  A wretched star (D)
  2 flayed ghosts (D)
  24 starcursed masses (D)
  2 death drakes (D)
  A swamp dragon (D)
  An unseen horror (shapeshifter) (D)
  A giant orange brain (D)
  2 spriggan druids (D)
  4 orc knights (D)
  An orc sorcerer (D)
  4 deep elf magi (D)
  A shining eye (D)
  A wolf spider (D)
  A faun (D)
  A cyclops (D)
  A hornet (D)
  A guardian serpent (D)
  4 naga magi (D)
  2 smoke demons (D)
  3 eyes of devastation (D)
  4 rime drakes (D)
  2 tormentors (D)
  A hellion (D)
  3 jumping spiders (D)
  A red devil (D)
  2 ancient zymes (D)
  2 merfolk (D)
  A polar bear (D)
  A raiju (shapeshifter) (D)
  A blink frog (D)
  15 slime creatures (D)
  A raiju (D)
  5 air elementals (D)
  A flying skull (D)
  A shadow (D)
  A wyvern (D)
  3 ynoxinuls (D)
  3 wraiths (D)
  2 hippogriffs (D)
  A neqoxec (D)
  5 golden eyes (D)
  4 large abominations (D)
  A chaos spawn (D)
  4 mottled dragons (D)
  3 insubstantial wisps (D)
  A warg (D)
  4 nagas (D)
  2 water moccasins (D)
  A giant eyeball (D)
  2 hell hounds (D)
  An ice beast (D)
  An eye of draining (D)
  5 small abominations (D)
  2 ogres (D)
  7 orc warriors (D)
  3 swamp drakes (D)
  A necrophage (D)
  2 wasps (D)
  A wolf (D)
  A centaur (D)
  A wight (D)
  10 jellies (D)
  A quasit (D)
  3 orc priests (D)
  4 iron imps (D)
  7 orc wizards (D)
  A sheep (D)
  2 gnolls (D)
  2 shadow imps (D)
  5 white imps (D)
  9 oozes (D)
  An ufetubus (D)
  A spectral adder (D)
  6 adder skeletons (D)
  4 adder zombies (D)
  3 orcs (D)
  3 spectral bats (D)
  4 ball pythons (D)
  3 bat skeletons (D)
  3 bat zombies (D)
  A ball python zombie (D)
  A giant cockroach simulacrum (D)
  A giant cockroach zombie (D)
  2 giant gecko skeletons (D)
  A giant gecko zombie (D)
  A spectral ball python (D)
  37 briar patches (D)
  4 starspawn tentacles (D)
  2 starspawn tentacle segments (D)
371 creatures vanquished.

Vanquished Creatures (others)
  A spatial maelstrom (D)
  An adder skeleton (D)
  A bat zombie (D)
  4 starspawn tentacles (D)
  95 starspawn tentacle segments (D)
102 creatures vanquished.

Grand Total: 473 creatures vanquished

Notes
Turn   | Place    | Note
--------------------------------------------------------------
     0 | D        | Groucho the Halfling Air Elementalist began the quest for the Orb.
     0 | D        | Reached XP level 1. HP: 11/11 MP: 3/3
     5 | D        | Found a blossoming altar of Fedhas.
     5 | D        | Found a snail-covered altar of Cheibriados.
     5 | D        | Found a viscous altar of Jiyva.
     5 | D        | Found a roughly hewn altar of Beogh.
     5 | D        | Found a corrupted altar of Lugonu.
     6 | D        | Found a white marble altar of Elyvilon.
     6 | D        | Found a shimmering altar of Xom.
     8 | D        | Found a deep blue altar of Sif Muna.
     8 | D        | Found a burning altar of Makhleb.
     8 | D        | Found a bloodstained altar of Trog.
     8 | D        | Found an iron altar of Okawaru.
     8 | D        | Found a sparkling altar of Nemelex Xobeh.
     8 | D        | Found a radiant altar of Vehumet.
    17 | D        | Banished a spatial maelstrom
    59 | D        | Became a worshipper of Qazlal Stormbringer
    82 | D        | Entered arena 1.
    82 | D        | Noticed a hell hound
    84 | D        | Killed a hell hound
    84 | D        | Reached skill level 5 in Slings
    84 | D        | Reached skill level 5 in Air Magic
    84 | D        | Reached XP level 2. HP: 17/17 MP: 5/5
    84 | D        | Reached XP level 3. HP: 21/21 MP: 6/6
    84 | D        | Reached XP level 4. HP: 27/27 MP: 7/7
    84 | D        | Reached XP level 5. HP: 31/31 MP: 8/8
    96 | D        | Entered arena 2.
    96 | D        | Noticed a jumping spider
    96 | D        | Noticed a jumping spider
    96 | D        | Noticed a jumping spider
   101 | D        | Killed a jumping spider
   101 | D        | Reached * piety under Qazlal
   101 | D        | Reached skill level 8 in Slings
   101 | D        | Reached XP level 6. HP: 11/36 MP: 8/10
   103 | D        | Killed a jumping spider
   103 | D        | Reached skill level 9 in Slings
   103 | D        | Reached XP level 7. HP: 32/41 MP: 8/12
   113 | D        | Killed a jumping spider
   113 | D        | Reached skill level 10 in Slings
   113 | D        | Reached XP level 8. HP: 25/46 MP: 9/14
   116 | D        | Entered arena 3.
   118 | D        | Reached ** piety under Qazlal
   348 | D        | Entered arena 4.
   353 | D        | Reached *** piety under Qazlal
   365 | D        | Entered arena 5.
   365 | D        | Noticed a polar bear
   371 | D        | Reached **** piety under Qazlal
   372 | D        | Killed a polar bear
   372 | D        | Reached skill level 11 in Slings
   379 | D        | Entered arena 6.
   379 | D        | Noticed a merfolk
   379 | D        | Noticed a merfolk
   382 | D        | Reached ***** piety under Qazlal
   388 | D        | Killed a merfolk
   388 | D        | Reached skill level 1 in Fighting
   388 | D        | Reached skill level 1 in Maces & Flails
   388 | D        | Reached skill level 1 in Evocations
   388 | D        | Reached XP level 9. HP: 30/53 MP: 15/15
   388 | D        | Reached skill level 10 in Air Magic
   390 | D        | Killed a merfolk
   390 | D        | Reached skill level 12 in Slings
   400 | D        | Entered arena 7.
   400 | D        | Noticed a naga mage
   411 | D        | Killed a naga mage
   456 | D        | Got the +9 rapier of Biappoy {freeze, +Inv rF+}
   458 | D        | Entered arena 8.
   467 | D        | Reached skill level 10 in Armour
   467 | D        | Reached skill level 10 in Shields
   467 | D        | Reached XP level 10. HP: 39/63 MP: 17/17
   471 | D        | Reached skill level 10 in Invocations
   497 | D        | Reached skill level 13 in Slings
   510 | D        | Got the amulet of the Pariah {Harm *Drain +Blink Dex+2}
   913 | D        | Identified Ginlaebb's Collected Works on Fiery Clay (You found it in the Dungeon)
   914 | D        | Entered arena 9.
   945 | D        | Got the amulet "Panyff" {Inacc rPois rN+ Int+2 SInv}
   962 | D        | Entered arena 10.
   962 | D        | Noticed a deep elf mage
   962 | D        | Noticed a scimitar of holy wrath
   962 | D        | Noticed a deep elf mage
   962 | D        | Noticed a deep elf mage
   962 | D        | Noticed a deep elf knight
   962 | D        | Noticed a mace of protection
   962 | D        | Noticed a deep elf knight
   962 | D        | Noticed a deep elf mage
   966 | D        | Killed a deep elf knight
   966 | D        | Killed a deep elf knight
   966 | D        | Killed a deep elf mage
   966 | D        | Reached ****** piety under Qazlal
   966 | D        | Reached skill level 5 in Fighting
   969 | D        | Killed a deep elf mage
   969 | D        | Reached skill level 5 in Maces & Flails
   969 | D        | Reached skill level 5 in Dodging
   969 | D        | Reached XP level 11. HP: 72/72 MP: 10/19
   969 | D        | Reached skill level 14 in Slings
   972 | D        | Killed a deep elf mage
   974 | D        | Killed a deep elf mage
   982 | D        | Killed a scimitar of holy wrath
   984 | D        | Killed a mace of protection
  1003 | D        | Got the amulet of Gapixyny {rC+ Regen+}
  1051 | D        | Entered arena 11.
  1051 | D        | Noticed an orc knight
  1051 | D        | Noticed an orc sorcerer
  1051 | D        | Noticed a cyclops
  1051 | D        | Noticed a stone giant
  1051 | D        | Noticed an orc knight
  1056 | D        | Killed an orc knight
  1056 | D        | Killed an orc sorcerer
  1056 | D        | Reached skill level 5 in Evocations
  1065 | D        | Killed an orc knight
  1071 | D        | Killed a stone giant
  1071 | D        | Reached skill level 15 in Slings
  1071 | D        | Killed a cyclops
  1087 | D        | Got the ring of Bahufef {Wiz rF+ rN+ Str+3 Dex+2}
  1103 | D        | Entered arena 12.
  1103 | D        | Noticed a mottled draconian
  1103 | D        | Noticed a white draconian zealot
  1103 | D        | Noticed a black draconian scorcher
  1103 | D        | Noticed a black draconian
  1103 | D        | Noticed a mottled draconian caller
  1104 | D        | Noticed a mottled draconian
  1104 | D        | Noticed a mottled draconian
  1104 | D        | Noticed a black draconian
  1104 | D        | Noticed a black draconian caller
  1104 | D        | Noticed a mottled draconian
  1104 | D        | Noticed a white draconian
  1105 | D        | Noticed an iron dragon
  1106 | D        | Noticed a death drake
  1106 | D        | Noticed a death drake
  1106 | D        | Noticed a death drake
  1106 | D        | Noticed a death drake
  1107 | D        | Killed a white draconian zealot
  1107 | D        | Reached XP level 12. HP: 75/81 MP: 21/21
  1107 | D        | Killed a black draconian
  1107 | D        | Killed a mottled draconian
  1109 | D        | Killed a black draconian
  1109 | D        | Reached skill level 16 in Slings
  1110 | D        | Killed a mottled draconian
  1113 | D        | Killed a black draconian scorcher
  1117 | D        | Noticed a shadow dragon
  1121 | D        | Killed a mottled draconian
  1122 | D        | Noticed a death drake
  1123 | D        | Noticed a death drake
  1127 | D        | Killed a black draconian caller
  1128 | D        | Killed a mottled draconian caller
  1128 | D        | Reached XP level 13. HP: 33/90 MP: 5/22
  1132 | D        | Killed a mottled draconian
  1142 | D        | Killed a white draconian
  1142 | D        | Reached skill level 17 in Slings
  1307 | D        | Entered arena 13.
  1309 | D        | Noticed an orc warlord
  1316 | D        | Identified a +3 rod of clouds (5/11)
  1317 | D        | Killed an orc warlord
  1518 | D        | Entered arena 14.
  1519 | D        | Noticed a shadow dragon
  1567 | D        | Killed a shadow dragon
  1817 | D        | Got the ring "Xuqyux" {rF+ SInv}
  1822 | D        | Entered arena 15.
  1823 | D        | Noticed a great orb of eyes
  1823 | D        | Noticed a great orb of eyes
  1823 | D        | Noticed an azure jelly
  1835 | D        | Reached skill level 10 in Fighting
  1836 | D        | Killed a great orb of eyes
  1841 | D        | Killed an azure jelly
  1841 | D        | Reached skill level 18 in Slings
  1857 | D        | Killed a great orb of eyes
  1857 | D        | Reached XP level 14. HP: 77/99 MP: 15/24
  1867 | D        | Identified Zefa's Grimoire of Enhancements and Bewitchment (You found it in the Dungeon)
  1892 | D        | Entered arena 16.
  1898 | D        | Reached skill level 15 in Air Magic
  1905 | D        | Reached skill level 10 in Maces & Flails
  1912 | D        | Reached skill level 15 in Armour
  1912 | D        | Reached skill level 15 in Shields
  2282 | D        | Identified the Guide on Conjuration (You found it in the Dungeon)
  2298 | D        | Learned a level 9 spell: Tornado
  2298 | D        | Entered arena 17.
  2301 | D        | Noticed a bone dragon
  2301 | D        | Noticed a black draconian
  2315 | D        | Reached skill level 5 in Spellcasting
  2315 | D        | Reached skill level 15 in Invocations
  2322 | D        | Killed a black draconian
  2363 | D        | Killed a bone dragon
  2363 | D        | Reached skill level 19 in Slings
  2406 | D        | Got the ring "Waonal" {Wiz rC+ MR+ Str+3}
  2408 | D        | Identified Xuats's Volume of Dusty Companions (You found it in the Dungeon)
  2424 | D        | Entered arena 18.
  2427 | D        | Noticed an acid blob
  2431 | D        | Noticed an acid blob
  2432 | D        | Reached skill level 10 in Dodging
  2432 | D        | Killed an acid blob
  2447 | D        | Killed an acid blob
  2487 | D        | Got a translucent cloak
  2493 | D        | Identified the +0 cloak of Byocziac {rPois rF+ rC+} (You acquired it in the Dungeon)
  2532 | D        | Entered arena 19.
  2544 | D        | Noticed an acid blob
  2558 | D        | Reached XP level 15. HP: 71/108 MP: 26/26
  2559 | D        | Killed an acid blob
  2559 | D        | Reached skill level 20 in Slings
  2870 | D        | Identified the Grimoire of Frigorific Air (You found it in the Dungeon)
  3020 | D        | Entered arena 20.
  3023 | D        | Noticed a lich
  3026 | D        | Noticed a lich
  3026 | D        | Noticed a tentacled starspawn
  3030 | D        | Noticed a Tzitzimitl
  3031 | D        | Killed a lich
  3039 | D        | Killed a lich
  3046 | D        | Paralysed by accursed screaming for 2 turns
  3052 | D        | Killed a tentacled starspawn
  3052 | D        | Reached skill level 10 in Evocations
  3554 | D        | Entered arena 21.
  3558 | D        | Noticed a quicksilver dragon
  3559 | D        | Noticed a shadow dragon
  3561 | D        | Noticed a shadow dragon
  3561 | D        | Noticed a golden dragon
  3562 | D        | Noticed a quicksilver dragon
  3563 | D        | Noticed a quicksilver dragon
  3564 | D        | Noticed a shadow dragon
  3566 | D        | Killed a quicksilver dragon
  3566 | D        | Killed a quicksilver dragon
  3566 | D        | Killed a quicksilver dragon
  3566 | D        | Reached skill level 21 in Slings
  3567 | D        | Noticed a golden dragon
  3568 | D        | Noticed a golden dragon
  3569 | D        | Killed a golden dragon
  3569 | D        | Reached XP level 16. HP: 75/117 MP: 20/28
  3572 | D        | Killed a shadow dragon
  3572 | D        | Killed a golden dragon
  3572 | D        | Killed a golden dragon
  3576 | D        | Killed a shadow dragon
  3614 | D        | Killed a shadow dragon
  3656 | D        | Entered arena 22.
  3919 | D        | Entered arena 23.
  3924 | D        | Noticed a thorn hunter
  3929 | D        | Reached skill level 10 in Spellcasting
  3930 | D        | Reached XP level 17. HP: 103/126 MP: 22/31
  3930 | D        | Killed a thorn hunter
  3930 | D        | Reached skill level 22 in Slings
  3930 | D        | Reached skill level 15 in Fighting
  3947 | D        | Slain by a spriggan berserker

Vault maps used:
D:        sprint_v

Skill      XL: |  1  2  3  4  5  6  7  8  9 10 11 12 13 14 15 16 17 |
---------------+----------------------------------------------------+-----
Slings         | 5 8 9 10 11 12 13 15 16 18 19 21 22 | 22.2
Armour         | 4 6 7 8 9 10 11 12 13 14 15 17 18 19 | 19.3
Shields        | 4 6 7 8 9 10 11 12 13 14 15 17 18 19 | 19.3
Air Magic      | 5 7 8 9 10 11 12 13 14 16 17 18 19 | 19.3
Invocations    | 4 6 7 8 9 10 12 13 14 15 17 18 19 | 19.0
Fighting       | 1 3 5 7 8 10 11 13 14 15 | 15.2
Maces & Flails | 1 3 5 6 8 9 10 12 13 14 | 14.1
Spellcasting   | 2 3 4 6 8 10 11 | 11.1
Evocations     | 1 2 4 5 6 8 9 10 11 12 | 12.0
Dodging        | 3 5 6 8 9 10 11 12 13 | 13.4
Stealth        | |  2.1
Conjurations   | |  0.7

Action                   |  1- 3 |  4- 6 |  7- 9 | 10-12 | 13-15 | 16-18 || total
-------------------------+-------+-------+-------+-------+-------+-------++-------
Melee: Shillelagh        |     1 |     4 |    34 |    71 |   158 |    86 ||   354
 Fire: Greatsling        |       |       |    20 |       |    59 |       ||    79
Invok: Disaster Area     |       |       |     1 |     5 |    12 |     7 ||    25
       Upheaval          |       |       |       |     3 |    12 |     1 ||    16
Evoke: Fan of gales      |       |       |       |       |     5 |     1 ||     6
       Disc of storms    |       |       |       |       |     2 |       ||     2
       Wand              |       |       |       |       |       |     1 ||     1
  Use: Potion            |       |     1 |     2 |     3 |     3 |       ||     9
       Scroll            |       |       |     1 |       |     5 |       ||     6
  Eat: Bread ration      |       |       |       |       |     1 |       ||     1
       Royal jelly       |       |       |       |       |     3 |       ||     3
Armor: Plate armour      |       |    14 |    68 |    55 |    87 |    50 ||   274
       Shadow dragon arm |       |       |       |       |     4 |       ||     4
Dodge: Dodged            |       |     1 |     2 |    14 |    46 |    30 ||    93
       Deflected         |       |       |       |       |     5 |     1 ||     6
Block: Shield            |     1 |    16 |   111 |   189 |   417 |   204 ||   938
